 Dungeon Crawl Stone Soup version 0.21-a0-364-gbd1fde4 (webtiles) character file.

191 McSplat the Magician (level 5, -1/35 HPs)
             Began as a Mummy Fire Elementalist on Oct 15, 2017.
             Was an Initiate of Sif Muna.
             Slain by a quokka (5 damage)
             ... on level 4 of the Dungeon.
             The game lasted 00:13:03 (3975 turns).

McSplat the Magician (Mummy Fire Elementalist)      Turns: 3975, Time: 00:13:03

Health: -1/35      AC:  2    Str: 11    XL:     5   Next: 42%
Magic:  10/10      EV: 12    Int: 18    God:    Sif Muna [......]
Gold:   203        SH:  0    Dex: 12    Spells: 1/11 levels left

rFire    . . .     SeeInvis .   c - +1 trident
rCold    + . .     Gourm    .   (no shield)
rNeg     + + +     Faith    +   a - +0 robe
rPois    ∞         Spirit   .   (no helmet)
rElec    .         Reflect  .   (no cloak)
rCorr    .         Harm     .   (no gloves)
MR       .....                  (no boots)
Stlth    ++........             f - amulet of faith
HPRegen  0.11/turn              n - +2 ring of intelligence
MPRegen  0.12/turn              r - ring of protection from fire

@: no status effects
A: no food or potions, fire vulnerability, cold resistance 1, negative energy
resistance 3, torment resistance, unbreathing
a: Renounce Religion


You were on level 4 of the Dungeon.
You worshipped Sif Muna.
Sif Muna was noncommittal.
You were not hungry.

You visited 1 branch of the dungeon, and saw 4 of its levels.

You collected 203 gold pieces.

Inventory:

Hand Weapons
 c - a +1 trident (weapon)
Missiles
 e - 7 javelins (quivered)
 o - a throwing net
Armour
 a - a +0 robe (worn)
Jewellery
 f - an amulet of faith (around neck)
 n - a +2 ring of intelligence (left hand)
 p - an uncursed ring of stealth
 r - a ring of protection from fire (right hand)
Wands
 g - a wand of random effects (0/48)
 i - a wand of random effects (44/48)
Books
 b - a book of Flames

   Spells                             Type                      Level
   a - Flame Tongue                   Conjuration/Fire             1
   b - Throw Flame                    Conjuration/Fire             2
   c - Conjure Flame                  Conjuration/Fire             3
   d - Inner Flame                    Hexes/Fire                   3
   e - Sticky Flame                   Conjuration/Fire             4
   f - Fireball                       Conjuration/Fire             5


   Skills:
 - Level 1.5 Dodging
 - Level 1.5 Stealth
 + Level 3.9 Spellcasting
 * Level 2.8 Conjurations
 * Level 3.7 Fire Magic


You had one spell level left.
You knew the following spells:

 Your Spells              Type           Power        Failure   Level  Hunger
a - Flame Tongue          Conj/Fire      ###..        3%          1    N/A
b - Throw Flame           Conj/Fire      ###...       6%          2    N/A
c - Conjure Flame         Conj/Fire      ###.....     12%         3    N/A
d - Sticky Flame          Conj/Fire      ###.....     36%         4    N/A

Dungeon Overview and Level Annotations

Branches:
Dungeon (4/15)
 Temple: D:4-7

Altars:
Ashenzari
Dithmenos
Makhleb
Okawaru
Sif Muna

Annotations:
D:4 Duvessa, Edmund


Innate Abilities, Weirdness & Mutations

You do not eat or drink.
Your flesh is vulnerable to fire.
You are immune to poison.
Your flesh is cold resistant. (rC+)
You are immune to negative energy. (rN+++)
You are immune to unholy pain and torment.
You can survive without breathing.


Message History

The bat misses you. The bat barely misses you.
The leopard gecko closely misses you. The bat closely misses you.
The bat closely misses you.
A quokka comes into view.
The bat closely misses you. The ball python closely misses you.
The ball python grabs you. The ball python constricts you.
The leopard gecko bites you.
* * * LOW HITPOINT WARNING * * *
You escape the ball python's grasp.
The bat hits you but does no damage.
Found an escape hatch in the ceiling.
A giant cockroach comes into view.
The bat barely misses you.
A worm comes into view.
The bat hits you but does no damage.
Found a stone staircase leading down.
The bat hits you but does no damage.
Found 2 scrolls labeled SEECRE AWEMP.
The bat closely misses you. The quokka bites you.
You die...

########### ##
##.......... . ...
##........... .. ..##
#....!....... ... ...
#............ ....
#.#####............
.....#.s................
#........s@............
#..<..@Sl..#.).##≈≈.≈≈#
#>....rb...##..##≈≈.≈≈#
######.#######.≈≈.....≈
...# ##.≈≈.....≈ ....#
#...≈.....≈ .......
...≈≈.≈...≈ ##w....
##.≈≈.!...≈ #...?.
#.##≈≈≈≈≈# #.. #≈≈≈≈≈#


You could see Edmund, a scorpion, a leopard gecko, a quokka, a giant cockroach,
a bat and a ball python.

Vanquished Creatures
  Jessica (D:3)
  A worker ant (D:3)
  3 adders (D:2)
  2 gnolls (D:3)
  An ooze (D:3)
  An adder skeleton (D:3)
  4 worms
  5 dart slugs
  3 orcs (D:3)
  A ball python (D:2)
  8 bats
  4 giant cockroaches
  6 goblins
  7 hobgoblins
  4 jackals (D:1)
  6 kobolds
  2 quokkas (D:3)
  3 frilled lizards
  4 rats
66 creatures vanquished.

Notes
Turn   | Place    | Note
-------+----------+-------------------------------------------
     0 | D:1      | McSplat the Mummy Fire Elementalist began the quest for the Orb.
     0 | D:1      | Reached XP level 1. HP: 13/13 MP: 4/4
   219 | D:1      | Reached skill level 1 in Conjurations
   314 | D:1      | Reached XP level 2. HP: 19/19 MP: 2/5
   932 | D:1      | Reached XP level 3. HP: 24/24 MP: 5/7
  1587 | D:2      | Learned a level 2 spell: Throw Flame
  1591 | D:2      | Learned a level 3 spell: Conjure Flame
  1686 | D:2      | Found a deep blue altar of Sif Muna.
  1839 | D:2      | Reached XP level 4. HP: 30/30 MP: 5/9
  2043 | D:2      | Found a shadowy altar of Dithmenos.
  2382 | D:2      | Became a worshipper of Sif Muna the Loreminder
  2795 | D:3      | Found an iron altar of Okawaru.
  3019 | D:3      | Found a burning altar of Makhleb.
  3149 | D:3      | Found a shattered altar of Ashenzari.
  3188 | D:3      | Noticed Jessica
  3191 | D:3      | Killed Jessica
  3191 | D:3      | Reached XP level 5. HP: 35/35 MP: 6/10
  3305 | D:4      | Noticed Edmund
  3528 | D:4      | Noticed Duvessa
  3630 | D:3      | Learned a level 4 spell: Sticky Flame
  3939 | D:4      | Found a glowing drain.
  3975 | D:4      | Slain by a quokka

Vault maps used:
D:1:      dpeg_arrival_simpleton_c
D:2:      nicolae_dithmenos_through_a_glass_darkly, first_bread,
          lemuel_blue_sif_altar
D:3:      lemuel_round_altar, overflow_temple_1_default,
          okawaru_altar_gauntlet_db, grunt_ministairs_10, uniq_jessica
D:4:      minmay_opposing_rooms, cheibrodos_sewer_entry_sluice, uniq_duvessa,
          uniq_edmund, uniq_natasha

Skill      XL: |  1  2  3 |
---------------+----------+-----
Conjurations   | 1 2 |  2.8
Spellcasting   | 3 |  3.9
Fire Magic     | 3 |  3.7
Dodging        | |  1.5
Stealth        | |  1.5

Action                   |  1- 3 |  4- 6 || total
-------------------------+-------+-------++-------
Melee: Whip              |    19 |       ||    19
       Unarmed           |     1 |       ||     1
       Short sword       |     5 |       ||     5
       Trident           |       |     5 ||     5
Throw: Javelin           |     5 |     1 ||     6
 Cast: Flame Tongue      |    65 |    56 ||   121
       Throw Flame       |     1 |    18 ||    19
Evoke: Wand              |       |    11 ||    11
  Use: Scroll            |     2 |    10 ||    12
 Stab: Sleeping          |     1 |       ||     1
Armor: Robe              |    11 |    26 ||    37
Dodge: Dodged            |    50 |    71 ||   121

Table legend:
 A = Spawn XP
 B = Non-spawn XP
 C = Spawn XP percentage of total XP
 D = Spawn monster count
 E = Non-spawn monster count
 F = Spawn count percentage of total count
 G = Total turns spent on level
                    A         B        C        D         E        F      G
               +---------+---------+-------+---------+---------+-------+---------
         Total |       0 |     274 |   0.0 |       0 |      66 |   0.0 |  3975
               +---------+---------+-------+---------+---------+-------+---------
           D:1 |       0 |      46 |   0.0 |       0 |      25 |   0.0 |  1250
           D:2 |       0 |      72 |   0.0 |       0 |      15 |   0.0 |  1174
           D:3 |       0 |     151 |   0.0 |       0 |      25 |   0.0 |  1414
           D:4 |       0 |       5 |   0.0 |       0 |       1 |   0.0 |   137
               +---------+---------+-------+---------+---------+-------+---------
